 Dungeon Crawl Stone Soup version 0.27-a0-1296-g8ece459b43 (webtiles) character file.

Game seed: 1970661095899353805

51 Delamore the Skirmisher (level 4, -3/37 HPs)
             Began as a Formicid Fighter on June 16, 2021.
             Slain by Sigmund (9 damage)
             ... on level 2 of the Dungeon.
             The game lasted 00:01:46 (2208 turns).

Delamore the Skirmisher (Formicid Fighter)          Turns: 2208, Time: 00:01:47

Health: -3/37      AC:  6    Str: 21    XL:     4   Next: 5%
Magic:  4/4        EV:  8    Int:  8    God:
Gold:   47         SH:  0    Dex: 10    Spells: 3/3 levels left

rFire    . . .     SeeInvis +   a - +0 trident
rCold    . . .     Faith    .   c - +0 kite shield
rNeg     . . .     Spirit   .   b - +0 scale mail
rPois    .         Reflect  .   (helmet unavailable)
rElec    .         Harm     .   (no cloak)
rCorr    .         Rampage  .   (no gloves)
Will     .....                  (no boots)
Stlth    ..........             (no amulet)
HPRegen  0.12/turn              (no ring)
MPRegen  0.09/turn              (no ring)

@: confused
A: permanent stasis, dig shafts and tunnels, antennae 3, four strong arms
a: Dig, Shaft Self


You were on level 2 of the Dungeon.
You visited 1 branch of the dungeon, and saw 2 of its levels.

You collected 47 gold pieces.

Inventory:

Hand Weapons
 a - a +0 trident (weapon)
Missiles
 h - 5 atropa-tipped darts
Armour
 b - a +0 scale mail (worn)
 c - a +0 kite shield (worn)
Scrolls
 g - a scroll of noise
Potions
 d - a potion of might
 e - a potion of attraction {unknown}
 f - a potion of magic {unknown}
 k - a potion of lignification {unknown}


   Skills:
 + Level 3.9 Fighting
 * Level 3.5 Polearms
 - Level 3.2 Armour
 - Level 3.6 Shields


You had 3 spell levels left.
You didn't know any spells.
Your spell library was empty.

Dungeon Overview and Level Annotations

Branches:
Dungeon (2/15)

Altars:

Annotations:
D:2 Sigmund


Innate Abilities, Weirdness & Mutations

You cannot be hasted, slowed, berserked, paralysed or teleported.
You can dig through walls and to a lower floor.
You have a pair of large antennae on your head. (SInv)
Your four strong arms can wield two-handed weapons with a shield.


Message History

Sigmund is moderately wounded.
Sigmund gestures at you while chanting.
The magic dart hits you but does no damage.
You barely miss Sigmund.
Sigmund is moderately wounded.
Sigmund hits you but does no damage.
You completely miss Sigmund.
Sigmund is moderately wounded.
Sigmund gestures at you while chanting. The puff of flame hits you.
Sigmund closely misses you.
You hit Sigmund but do no damage.
Sigmund is moderately wounded.
You block Sigmund's attack.
You barely miss Sigmund.
Sigmund is moderately wounded.
You block Sigmund's attack.
You hit Sigmund.
Sigmund is heavily wounded.
Sigmund casts a spell at you. The puff of flame hits you!
Sigmund hits you with a +0 scythe!
* * * LOW HITPOINT WARNING * * *
You hit Sigmund.
Sigmund is heavily wounded.
Sigmund closely misses you.
Sigmund hits you from afar with a +0 scythe.
* * * LOW HITPOINT WARNING * * *
Sigmund says, "Look into my eyes."
You see here 10 gold pieces.
Sigmund points at you and mumbles some strange words.
You are confused.
There is a stone staircase leading up here.
In your confused state, you trip and fall back down the stairs.
* * * LOW HITPOINT WARNING * * *
Sigmund hits you but does no damage. Sigmund barely misses you.
In your confused state, you trip and fall back down the stairs.
* * * LOW HITPOINT WARNING * * *
Sigmund misses you.
Sigmund hits you from afar with a +0 scythe!
You die...

### #.# #...... #..
#.###......
##.######.#........ #
#.........#........
##+#.#..#......'........
.....#......####........
........@...# #........
........$.#.# ###{.....
.....#.@#.#... #.{....
##+# #..#.#..... #..@...
......+......#.#####
#.#..#.#......#.#
#.###########.#.# . .#.#
.. #.# .. #.# #.#


You could see Sigmund.

Vanquished Creatures
  A gnoll (D:1)
  An adder (D:1)
  A dart slug (D:1)
  An endoplasm (D:2)
  A giant cockroach (D:2)
  5 goblins (D:1)
  3 hobgoblins
  5 jackals (D:1)
  A quokka (D:1)
  5 ball pythons (D:1)
  3 frilled lizards (D:1)
  A kobold (D:1)
28 creatures vanquished.

Notes
Turn   | Place    | Note
-------+----------+-------------------------------------------
     0 | D:1      | Delamore the Formicid Fighter began the quest for the Orb.
     0 | D:1      | Reached XP level 1. HP: 18/18 MP: 1/1
   119 | D:1      | Reached XP level 2. HP: 23/24 MP: 2/2
   373 | D:1      | Reached XP level 3. HP: 29/29 MP: 3/3
  1329 | D:2      | Reached XP level 4. HP: 35/37 MP: 4/4
  1362 | D:2      | Noticed Sigmund
  2208 | D:2      | Slain by Sigmund

Illustrated notes

Levels and vault maps discovered:
D:1:      dpeg_arrival_tiny_f, layout_basic, minmay_misc_feat_ornament
D:2:      layout_basic, uniq_sigmund, uniq_crazy_yiuf_cottage

Skill      XL: |  1  2  3 |
---------------+----------+-----
Polearms       | 3 |  3.5
Fighting       | |  3.9
Armour         | |  3.2
Shields        | |  3.6

Action                   |  1- 3 |  4- 6 || total
-------------------------+-------+-------++-------
Melee: Trident           |    87 |    40 ||   127
  Use: Scroll            |     2 |       ||     2
       Potion            |     2 |       ||     2
Armor: Scale mail        |    30 |     8 ||    38
Dodge: Dodged            |    35 |    21 ||    56
Block: Kite shield       |    49 |    19 ||    68

Table legend: (Time is in decaauts)
 A = Elapsed time spent in this place.
 B = Non-inter-level travel time spent in this place.
 C = Inter-level travel time spent in this place.
 D = Time resting spent in this place.
 E = Time spent auto-exploring this place.
 F = Levels seen in this place.
 G = Mean time per level.
                   A        B        C        D        E       F      G
               +--------+--------+--------+--------+--------+-----+--------+
         Total |   2254 |   2220 |     34 |    875 |    987 |   2 | 1127.0 |
       Dungeon |   2254 |   2220 |     34 |    875 |    987 |   2 | 1127.0 |
               +--------+--------+--------+--------+--------+-----+--------+

Top non-repeatable levels by time:
     D:1: 2063 daAuts
     D:2: 191 daAuts
